TOP OF THE 1ST |
Vanderbilt University Commodores batting - Pitching for Rice University Owls : LHP Killian Wellman
|
Pitching: LHP Killian Wellman
|
|
Batting: LHB Nate Greening
|
0-0: Called Strike 0-1: Foul Ball, location: 2F 0-2: Ball 1-2: DOUBLE (Flyball, 78D, EV 91.9 MPH)
|
Batting: RHB Gary Smith
|
0-0: Ball 1-0: Ball 2-0: Called Strike 2-1: Ball 3-1: Fly out, F3 (Line Drive, 3, EV 70.6 MPH)
|
Batting: LHB Pete Mitchell
|
0-0: Ball 1-0: Fly out, F9 (Flyball, 89S, EV 74.4 MPH)
|
Batting: RHB Luis Jara
|
0-0: Ball 1-0: Called Strike 1-1: Called Strike 1-2: Ball 2-2: Ball 3-2: Base on Balls
|
Batting: LHB Jose Diaz
|
0-0: Foul Ball, location: 2F 0-1: Ball 1-1: Swinging Strike 1-2: Strikes out looking
|
Top of the 1st over - 0 runs, 1 hit, 0 errors, 2 left on base; Vanderbilt University 0 - Rice University 0 |
BOTTOM OF THE 1ST |
Rice University Owls batting - Pitching for Vanderbilt University Commodores : RHP Brad Nathan
|
Pitching: RHP Brad Nathan
|
|
Batting: SHB Yu-hsui Lew
|
0-0: Fly out, F9 (Flyball, 89S, EV 84.4 MPH)
|
Batting: RHB Russ Kennett
|
0-0: Ball 1-0: Ball 2-0: Fly out, F9 (Flyball, 89D, EV 104.4 MPH)
|
Batting: LHB Eddie Lemus
|
0-0: Ball 1-0: Foul Ball, location: 2F 1-1: SOLO HOME RUN (Flyball, 9D, EV 97.5 MPH), Distance : 375 ft
|
Batting: LHB David Coatney
|
0-0: Ball 1-0: Ball 2-0: Called Strike 2-1: Fly out, F8 (Line Drive, 8LM, EV 91.2 MPH)
|
Bottom of the 1st over - 1 run, 1 hit, 0 errors, 0 left on base; Vanderbilt University 0 - Rice University 1 |
TOP OF THE 2ND |
Vanderbilt University Commodores batting - Pitching for Rice University Owls : LHP Killian Wellman
|
Batting: RHB Chris Horton
|
0-0: Called Strike 0-1: Called Strike 0-2: Fly out, F8 (Flyball, 8RD, EV 89.4 MPH)
|
Batting: LHB Mario Garza
|
0-0: Called Strike 0-1: Swinging Strike 0-2: Ball 1-2: Ball 2-2: DOUBLE (Line Drive, 7LS, EV 103.1 MPH)
|
Batting: LHB Abdul-Hakim Jibril
|
0-0: 2-RUN HOME RUN (Flyball, 9LD, EV 94.4 MPH), Distance : 331 ft
|
Batting: SHB Felipe Campanella
|
0-0: Ball 1-0: Called Strike 1-1: Called Strike 1-2: Ball 2-2: Ball 3-2: SINGLE (Line Drive, 4D, EV 98.1 MPH)
|
Batting: LHB Nate Greening
|
0-0: Ball 1-0: Ball 2-0: Called Strike 2-1: Foul Ball, location: 2F 2-2: Ball 3-2: Base on Balls Felipe Campanella to second
|
Batting: RHB Gary Smith
|
0-0: Swinging Strike 0-1: Foul Ball, location: 2F 0-2: Ball 1-2: Strikes out swinging
|
Batting: LHB Pete Mitchell
|
0-0: Swinging Strike 0-1: Ball 1-1: Swinging Strike 1-2: Strikes out swinging
|
Top of the 2nd over - 2 runs, 3 hits, 0 errors, 2 left on base; Vanderbilt University 2 - Rice University 1 |
BOTTOM OF THE 2ND |
Rice University Owls batting - Pitching for Vanderbilt University Commodores : RHP Brad Nathan
|
Batting: RHB Chris DeLuise
|
0-0: Ground out 4-3 (Groundball, 4, EV 85.6 MPH)
|
Batting: RHB Fred Saxton
|
0-0: Ball 1-0: Ground out U3 (Groundball, 34S, EV 81.9 MPH)
|
Batting: RHB Yu-zeng Mai
|
0-0: Ball 1-0: Foul Ball, location: 2F 1-1: Fly out, F9 (Flyball, 89S, EV 95.0 MPH)
|
Bottom of the 2nd over - 0 runs, 0 hits, 0 errors, 0 left on base; Vanderbilt University 2 - Rice University 1 |
TOP OF THE 3RD |
Vanderbilt University Commodores batting - Pitching for Rice University Owls : LHP Killian Wellman
|
Batting: RHB Luis Jara
|
0-0: Ball 1-0: Ball 2-0: Ball 3-0: Base on Balls
|
Batting: LHB Jose Diaz
|
0-0: Called Strike 0-1: Ball 1-1: Fielders Choice at 2nd, 4-6 (Groundball, 34, EV 103.1 MPH)
|
Batting: RHB Chris Horton
|
0-0: Ball 1-0: SINGLE (Flyball, 9LS, EV 89.4 MPH) Jose Diaz to second Runner from 2nd tries for 3rd, SAFE, throw by RF made to third
|
Batting: LHB Mario Garza
|
0-0: Ball 1-0: Ball 2-0: Foul Ball, location: 2F 2-1: Fly out, F3 (Line Drive, 3, EV 70.0 MPH)
|
Batting: LHB Abdul-Hakim Jibril
|
0-0: Called Strike 0-1: Ball 1-1: Called Strike 1-2: Strikes out swinging
|
Top of the 3rd over - 0 runs, 1 hit, 0 errors, 2 left on base; Vanderbilt University 2 - Rice University 1 |
BOTTOM OF THE 3RD |
Rice University Owls batting - Pitching for Vanderbilt University Commodores : RHP Brad Nathan
|
Batting: RHB Martin Boyle
|
0-0: Called Strike 0-1: Called Strike 0-2: Ball 1-2: Ball 2-2: Foul Ball, location: 2F 2-2: Strikes out swinging
|
Batting: LHB Willie Marquez
|
0-0: Called Strike 0-1: Ball 1-1: Foul Ball, location: 2F 1-2: Fly out, F9 (Flyball, 89M, EV 97.5 MPH)
|
Batting: SHB Yu-hsui Lew
|
0-0: Called Strike 0-1: Foul Ball, location: 2F 0-2: Strikes out swinging
|
Bottom of the 3rd over - 0 runs, 0 hits, 0 errors, 0 left on base; Vanderbilt University 2 - Rice University 1 |
TOP OF THE 4TH |
Vanderbilt University Commodores batting - Pitching for Rice University Owls : LHP Killian Wellman
|
Batting: SHB Felipe Campanella
|
0-0: Called Strike 0-1: Swinging Strike 0-2: Strikes out swinging
|
Batting: LHB Nate Greening
|
0-0: Hit by Pitch
|
Batting: RHB Gary Smith
|
0-0: Foul Ball, location: 2F 0-1: Ball 1-1: Fly out, F8 (Line Drive, 8RD, EV 88.8 MPH)
|
Batting: LHB Pete Mitchell
|
0-0: Fly out, F9 (Flyball, 9D, EV 101.9 MPH)
|
Top of the 4th over - 0 runs, 0 hits, 0 errors, 1 left on base; Vanderbilt University 2 - Rice University 1 |
BOTTOM OF THE 4TH |
Rice University Owls batting - Pitching for Vanderbilt University Commodores : RHP Brad Nathan
|
Batting: RHB Russ Kennett
|
0-0: Ball 1-0: Called Strike 1-1: Ball 2-1: Foul Ball, location: 2F 2-2: Ball 3-2: Foul Ball, location: 2F 3-2: DOUBLE (Flyball, 9D, EV 107.5 MPH)
|
Batting: LHB Eddie Lemus
|
0-0: Ground out 4-3 (Groundball, 4D, EV 103.8 MPH) Russ Kennett to third
|
Batting: LHB David Coatney
|
0-0: Foul Ball, location: 2F 0-1: Called Strike 0-2: Ball 1-2: Foul Ball, location: 2F 1-2: Ground out U3 (Groundball, 34, EV 85.0 MPH) Russ Kennett scores
|
Batting: RHB Chris DeLuise
|
0-0: Swinging Strike 0-1: Ball 1-1: Ball 2-1: Swinging Strike 2-2: Ball 3-2: Strikes out swinging
|
Bottom of the 4th over - 1 run, 1 hit, 0 errors, 0 left on base; Vanderbilt University 2 - Rice University 2 |
TOP OF THE 5TH |
Vanderbilt University Commodores batting - Pitching for Rice University Owls : LHP Killian Wellman
|
Batting: RHB Luis Jara
|
0-0: Ball 1-0: Ball 2-0: Called Strike 2-1: Swinging Strike 2-2: Strikes out swinging
|
Batting: LHB Jose Diaz
|
0-0: Ball 1-0: Ball 2-0: Called Strike 2-1: Ball 3-1: DOUBLE (Line Drive, 9LS, EV 106.9 MPH)
|
Batting: RHB Chris Horton
|
0-0: Foul Ball, location: 2F 0-1: Ball 1-1: Foul Ball, location: 2F 1-2: Ball 2-2: Ground out 1-3 (Groundball, P, EV 65.0 MPH) Jose Diaz to third
|
Batting: LHB Mario Garza
|
0-0: Called Strike 0-1: Foul Ball, location: 2F 0-2: SINGLE (Groundball, 4D, EV 95.6 MPH) Jose Diaz scores
|
Batting: LHB Abdul-Hakim Jibril
|
0-0: Called Strike 0-1: Ball 1-1: Foul Ball, location: 2F 1-2: Fly out, F5 (Line Drive, 5, EV 63.1 MPH)
|
Top of the 5th over - 1 run, 2 hits, 0 errors, 1 left on base; Vanderbilt University 3 - Rice University 2 |
BOTTOM OF THE 5TH |
Rice University Owls batting - Pitching for Vanderbilt University Commodores : RHP Brad Nathan
|
Batting: RHB Fred Saxton
|
0-0: Ball 1-0: Called Strike 1-1: Foul Ball, location: 2F 1-2: SINGLE (Line Drive, 9S, EV 85.6 MPH)
|
Batting: RHB Yu-zeng Mai
|
0-0: Ball 1-0: Sac Bunt to 5S - play at first, batter OUT! 5-3 Fred Saxton to second
|
Batting: RHB Martin Boyle
|
0-0: Ball 1-0: Ball 2-0: Ground out 5-3 (Groundball, 5S, EV 68.1 MPH) Fred Saxton to third
|
Batting: LHB Willie Marquez
|
0-0: Called Strike 0-1: Ball 1-1: Called Strike 1-2: Foul Ball, location: 2F 1-2: Ground out 5-3 (Groundball, 56, EV 80.0 MPH)
|
Bottom of the 5th over - 0 runs, 1 hit, 0 errors, 1 left on base; Vanderbilt University 3 - Rice University 2 |
TOP OF THE 6TH |
Vanderbilt University Commodores batting - Pitching for Rice University Owls : LHP Killian Wellman
|
Batting: SHB Felipe Campanella
|
0-0: Ball 1-0: Fly out, F9 (Flyball, 9D, EV 91.2 MPH)
|
Batting: LHB Nate Greening
|
0-0: Swinging Strike 0-1: Swinging Strike 0-2: Strikes out looking
|
Batting: RHB Gary Smith
|
0-0: Ball 1-0: Ball 2-0: DOUBLE (Flyball, 8RXD, EV 108.1 MPH)
|
Batting: LHB Pete Mitchell
|
0-0: DOUBLE (Line Drive, 7LM, EV 100.0 MPH) Gary Smith scores
|
Batting: RHB Luis Jara
|
0-0: Ball 1-0: Called Strike 1-1: Ball 2-1: Swinging Strike 2-2: Ground out 5-3 (Groundball, 56, EV 89.4 MPH)
|
Top of the 6th over - 1 run, 2 hits, 0 errors, 1 left on base; Vanderbilt University 4 - Rice University 2 |
BOTTOM OF THE 6TH |
Rice University Owls batting - Pitching for Vanderbilt University Commodores : RHP Brad Nathan
|
Batting: SHB Yu-hsui Lew
|
0-0: Ball 1-0: Foul Ball, location: 2F 1-1: SINGLE (Groundball, 6MD, EV 100.6 MPH)
|
Batting: RHB Russ Kennett
|
0-0: Fly out, F9 (Line Drive, 9, EV 104.4 MPH)
|
Batting: LHB Eddie Lemus
|
0-0: Swinging Strike 0-1: Fly out, F8 (Flyball, 8RM, EV 83.8 MPH)
|
Batting: LHB David Coatney
|
0-0: Called Strike 0-1: Foul Ball, location: 2F 0-2: Fly out, F8 (Flyball, 8LS, EV 71.2 MPH)
|
Bottom of the 6th over - 0 runs, 1 hit, 0 errors, 1 left on base; Vanderbilt University 4 - Rice University 2 |
TOP OF THE 7TH |
Vanderbilt University Commodores batting - Pitching for Rice University Owls : LHP Killian Wellman
|
Pitching: RHP Takeru Inoue
|
|
Batting: LHB Jose Diaz
|
0-0: Foul Ball, location: 2F 0-1: Foul Ball, location: 2F 0-2: Strikes out swinging
|
Batting: RHB Chris Horton
|
0-0: Called Strike 0-1: Ball 1-1: Ball 2-1: Foul Ball, location: 2F 2-2: Fly out, F2 (Popup, 23F, EV 87.5 MPH)
|
Batting: LHB Mario Garza
|
0-0: SOLO HOME RUN (Flyball, 9D, EV 98.1 MPH), Distance : 371 ft
|
Batting: LHB Abdul-Hakim Jibril
|
0-0: Swinging Strike 0-1: Ball 1-1: Swinging Strike 1-2: Foul Ball, location: 2F 1-2: Foul Ball, location: 2F 1-2: Strikes out swinging
|
Top of the 7th over - 1 run, 1 hit, 0 errors, 0 left on base; Vanderbilt University 5 - Rice University 2 |
BOTTOM OF THE 7TH |
Rice University Owls batting - Pitching for Vanderbilt University Commodores : RHP Brad Nathan
|
Batting: RHB Chris DeLuise
|
0-0: Called Strike 0-1: Ball 1-1: Foul Ball, location: 2F 1-2: Ball 2-2: Ball 3-2: Foul Ball, location: 2F 3-2: Strikes out swinging
|
Batting: RHB Fred Saxton
|
0-0: Ball 1-0: Fly out, F8 (Flyball, 8RM, EV 93.1 MPH)
|
Batting: RHB Yu-zeng Mai
|
0-0: Swinging Strike 0-1: Ball 1-1: Ball 2-1: Ball 3-1: Foul Ball, location: 2F 3-2: Base on Balls
|
Pitching: RHP Craig Wayne
|
|
Batting: RHB Martin Boyle
|
0-0: Fly out, F8 (Flyball, 89M, EV 83.8 MPH)
|
Bottom of the 7th over - 0 runs, 0 hits, 0 errors, 1 left on base; Vanderbilt University 5 - Rice University 2 |
TOP OF THE 8TH |
Vanderbilt University Commodores batting - Pitching for Rice University Owls : RHP Takeru Inoue
|
Batting: SHB Felipe Campanella
|
0-0: SINGLE (Line Drive, 4D, EV 98.1 MPH)
|
Batting: LHB Nate Greening
|
0-0: Bunted foul 0-1: Sac Bunt to 5S - play at first, batter OUT! 5-3 Felipe Campanella to second
|
Batting: RHB Gary Smith
|
0-0: Intentional Walk
|
Batting: LHB Pete Mitchell
|
0-0: Called Strike 0-1: Hit by Pitch Felipe Campanella to third Gary Smith to second
|
Batting: RHB Luis Jara
|
0-0: Ball Wild Pitch! Felipe Campanella scores Gary Smith to third Pete Mitchell to second 1-0: Ground out 5-3 (Groundball, 25, EV 87.5 MPH)
|
Batting: LHB Jose Diaz
|
0-0: Ball 1-0: Ball 2-0: Ball 3-0: Called Strike 3-1: Ground out 4-3 (Groundball, 4, EV 101.9 MPH)
|
Top of the 8th over - 1 run, 1 hit, 0 errors, 2 left on base; Vanderbilt University 6 - Rice University 2 |
BOTTOM OF THE 8TH |
Rice University Owls batting - Pitching for Vanderbilt University Commodores : RHP Craig Wayne
|
Batting: LHB Willie Marquez
|
0-0: Fly out, F6 (Popup, 15, EV 84.4 MPH)
|
Batting: SHB Yu-hsui Lew
|
0-0: Called Strike 0-1: Ground out 4-3 (Groundball, 4, EV 104.4 MPH)
|
Batting: RHB Russ Kennett
|
0-0: Ball 1-0: Ball 2-0: Foul Ball, location: 2F 2-1: SINGLE (Groundball, 6MD, EV 103.1 MPH)
|
Batting: LHB Eddie Lemus
|
0-0: Ball 1-0: Ball 2-0: Fly out, F5 (Popup, 56, EV 65.6 MPH)
|
Bottom of the 8th over - 0 runs, 1 hit, 0 errors, 1 left on base; Vanderbilt University 6 - Rice University 2 |
TOP OF THE 9TH |
Vanderbilt University Commodores batting - Pitching for Rice University Owls : RHP Takeru Inoue
|
Pitching: RHP Nathan Tamburrino
|
|
Batting: RHB Chris Horton
|
0-0: Called Strike 0-1: Foul Ball, location: 2F 0-2: Ball 1-2: Foul Ball, location: 2F 1-2: Foul Ball, location: 2F 1-2: Ball 2-2: Ball 3-2: Foul Ball, location: 2F 3-2: SINGLE (Line Drive, 8LS, EV 91.2 MPH)
|
Batting: LHB Mario Garza
|
0-0: Ball 1-0: Sac Bunt to 2L - play at first, batter OUT! 2-3 Chris Horton to second
|
Batting: LHB Abdul-Hakim Jibril
|
0-0: Foul Ball, location: 2F 0-1: Ball 1-1: Ball 2-1: Foul Ball, location: 2F 2-2: Fly out, F8 (Line Drive, 8RM, EV 85.6 MPH)
|
Batting: SHB Felipe Campanella
|
0-0: Ball 1-0: Ball 2-0: Fly out, F9 (Line Drive, 9LS, EV 93.1 MPH)
|
Top of the 9th over - 0 runs, 1 hit, 0 errors, 1 left on base; Vanderbilt University 6 - Rice University 2 |
BOTTOM OF THE 9TH |
Rice University Owls batting - Pitching for Vanderbilt University Commodores : RHP Craig Wayne
|
Pinch Hitting: RHB Adrian Quilantan
|
0-0: Foul Ball, location: 2F 0-1: Ball 1-1: Ball 2-1: SINGLE (Flyball, 6MD, EV 88.1 MPH)
|
Pinch Hitting: LHB David Goad
|
0-0: Swinging Strike 0-1: Foul Ball, location: 2F 0-2: Strikes out swinging
|
Batting: RHB Fred Saxton
|
0-0: Called Strike 0-1: Swinging Strike 0-2: DOUBLE (Line Drive, 78D, EV 102.5 MPH) Adrian Quilantan to third
|
Pitching: RHP Milutin Mladjenovic
|
|
Batting: RHB Yu-zeng Mai
|
0-0: Ball 1-0: DOUBLE (Line Drive, 7LD, EV 111.2 MPH) Adrian Quilantan scores Fred Saxton scores
|
Pinch Hitting: RHB Alex Ruybalid
|
0-0: Swinging Strike 0-1: Fly out, F9 (Flyball, 89M, EV 75.6 MPH)
|
Pinch Hitting: RHB Carlos Saldivar
|
0-0: Ground out 6-3 (Groundball, 6, EV 80.0 MPH)
|
Bottom of the 9th over - 2 runs, 3 hits, 0 errors, 1 left on base; Vanderbilt University 6 - Rice University 4 |
|